AoeStats
← AxD | Cad Bane

Pilgrims

509707688Analyzed
4v4 RM · 3d ago on Sep 27, 2026· 17m 5s· 8 players
Game mode
Random Map
Map size
Large (8 player)
Population
200
Speed
Normal
Resources
Standard
Victory
Conquest
Starting age
Dark Age
Ending age
Imperial Age
RankedLock teamsTeams togetherTeam positionsShared explorationLock speedFull tech treeHidden civsTurbo modeCheats
Victory
Defeat
🇨🇱 Varangians · Chile
1563
+12
🇦🇷 Malay · Argentina
1500
+15
🇺🇾 Byzantines · Uruguay
1371
+20
🇨🇴 Armenians · Colombia
1326
+22
🇲🇽 Khmer · Mexico
1483
-18
🇧🇷 Spanish · Brazil
1480
-18
1450
-17
🇹🇼 Mongols · Taiwan
1439
-16
SrBlack
5:54 Loom
10:50 Feudal Age
11:52 Double-Bit Axe
11:59 Gold Mining
15:58 Wheelbarrow
16:09 Fishing Lines
17:00 Fletching
17:34 Stone Mining
AxD | Keiokenkun-Uno-Puro
8:04 Loom
10:36 Feudal Age
AxD | Cad Bane
4:24 Loom
10:13 Feudal Age
10:45 Double-Bit Axe
12:20 Fletching
14:31 Fishing Lines
17:29 Castle Age
AxD | Ivan01
7:47 Loom
9:48 Feudal Age
14:49 Double-Bit Axe
[CANTINAMX] | Vintar Khan
2:44 Loom
9:01 Feudal Age
11:43 Town Watch
18:55 Castle Age
thefacelessz12
3:40 Loom
8:47 Feudal Age
15:07 Fletching
kane
6:26 Loom
11:22 Feudal Age
15:52 Castle Age
13:52 Double-Bit Axe
14:19 Horse Collar
17:09 Bow Saw
Guthrie_Govan
8:25 Loom
10:47 Feudal Age
13:34 Fletching
Connection lost

Rejoining the realm…

Still unreachable

The connection could not be restored.

Session expired

The server has moved on; the page needs a fresh start.